 Dungeon Crawl Stone Soup version 0.30-a0-591-g3c58d2bc28 (webtiles) character file.

Game seed: 8446804023306259550

116 ragingrage the Shooter (level 4, 0/36 HPs)
             Began as a Draconian Hunter on Jan 5, 2023.
             Slain by an iguana (3 damage)
             ... on level 3 of the Dungeon.
             The game lasted 00:01:46 (1203 turns).

ragingrage the Shooter (Draconian Hunter)           Turns: 1203, Time: 00:01:46

Health: 0/36       AC:  5    Str: 14    XL:     4   Next: 69%
Magic:  4/4        EV: 12    Int:  9    God:
Gold:   77         SH:  0    Dex: 16    Spells: 3/3 levels left

rFire   . . .      SeeInvis .    a - +0 shortbow
rCold   . . .      Faith    .    (shield currently unavailable)
rNeg    . . .      Spirit   .    (body armour unavailable)
rPois   .          Reflect  .    (helmet restricted)
rElec   .          Harm     .    (no cloak)
rCorr   .          Rampage  .    (no gloves)
Will    .....                    (no boots)
Stlth   ++                       n - amulet of the acrobat
HPRegen 0.26/turn                (no ring)
MPRegen 0.09/turn                (no ring)

@: brilliant
A: AC +5, unfitting armour, cold-blooded
a: no special abilities


You were on level 3 of the Dungeon.
You visited 1 branch of the dungeon, and saw 3 of its levels.

You collected 77 gold pieces.

Inventory:

Hand Weapons
 a - a +0 shortbow (weapon)
Missiles
 c - 6 poisoned darts
Jewellery
 n - an amulet of the acrobat (around neck)
Wands
 l - a wand of charming (3)
Scrolls
 b - a scroll of immolation
 d - a scroll of blinking {unknown}
 g - a scroll of silence {unknown}
 j - a scroll of teleportation {unknown}
 k - 2 scrolls of noise {unknown}
 m - a scroll of vulnerability {unknown}
Potions
 e - 3 potions of curing {unknown}
 f - 2 potions of brilliance
 h - a potion of attraction {unknown}
 i - a potion of invisibility {unknown}
 o - 2 potions of heal wounds {unknown}


   Skills:
 - Level 2.1 Fighting
 + Level 5.0 Ranged Weapons
 - Level 1.7 Dodging
 + Level 2.7 Stealth


You had 3 spell levels left.
You didn't know any spells.
Your spell library contained the following spells:

 Spells                   Type           Power      Damage    Failure   Level
 Summon Guardian Golem    Hex/Summ       0%         N/A       77%         3
 Orb of Destruction       Conj           0%         9d5       100%        7
 Spellforged Servitor     Conj/Summ      0%         N/A       100%        7


Dungeon Overview and Level Annotations

Branches:
Dungeon (3/15)

Altars:


Innate Abilities, Weirdness & Mutations

Your plain brown scales are hard. (AC +5)
You cannot fit into any form of body armour.
You are cold-blooded and may be slowed by cold attacks.


Message History

Press: ? - help, Q - select action, (/) - cycle Shift-Dir - straight line, f/p - iguana
Aim: an iguana (66% to hit)
You shoot an arrow.
The arrow hits the iguana but does no damage.
The iguana closely misses you.
Fire: a) +0 shortbow
Press: ? - help, Q - select action, (/) - cycle Shift-Dir - straight line, f/p - iguana
Aim: an iguana (66% to hit)
You shoot an arrow. The arrow hits the iguana!
The iguana is heavily wounded.
The iguana closely misses you. The iguana bites you!
Fire: a) +0 shortbow
Press: ? - help, Q - select action, (/) - cycle Shift-Dir - straight line, f/p - iguana
Aim: an iguana (heavily wounded, 66% to hit)
You shoot an arrow. The arrow hits the iguana.
The iguana is severely wounded.
The iguana bites you!
Fire: a) +0 shortbow
Press: ? - help, Q - select action, (/) - cycle Shift-Dir - straight line, f/p - iguana
Aim: an iguana (severely wounded, 66% to hit)
You shoot an arrow. The arrow barely misses the iguana.
The iguana bites you.
* * * LOW HITPOINT WARNING * * *
Fire: a) +0 shortbow
Press: ? - help, Q - select action, (/) - cycle Shift-Dir - straight line, f/p - iguana
Aim: an iguana (severely wounded, 66% to hit)
You shoot an arrow. The arrow hits the iguana.
The iguana is almost dead.
The iguana barely misses you.
Fire: a) +0 shortbow
Press: ? - help, Q - select action, (/) - cycle Shift-Dir - straight line, f/p - iguana
Aim: an iguana (almost dead, 66% to hit)
You shoot an arrow. The arrow barely misses the iguana.
The iguana bites you!
* * * LOW HITPOINT WARNING * * *
The iguana barely misses you.
It was a potion of brilliance.
You feel clever all of a sudden. The iguana bites you.
You die...

# ... ### #.. #.. ..
##.# .. #...
####.###########..# #
................##
##รท##l#############...
#....@########.......#
....##.........[.####...
. #.############ #..# ##
#..# ####


You could see an iguana.

Vanquished Creatures
  4 adders
  3 gnolls (D:2)
  2 worms (D:2)
  6 endoplasms
  A giant cockroach (D:1)
  4 goblins
  3 hobgoblins
  3 quokkas
  7 ball pythons
  5 bats
  2 frilled lizards (D:1)
  4 kobolds
  4 rats
48 creatures vanquished.

Vanquished Creatures (others)
  2 plants (D:2)
2 creatures vanquished.

Grand Total: 50 creatures vanquished

Notes
Turn   | Place    | Note
-------+----------+-------------------------------------------
     0 | D:1      | ragingrage the Draconian Hunter began the quest for the
                  | Orb.
     0 | D:1      | Reached XP level 1. HP: 17/17 MP: 1/1
   156 | D:1      | Reached skill level 4 in Ranged Weapons
   192 | D:1      | Reached XP level 2. HP: 20/24 MP: 2/2
   522 | D:2      | Reached skill level 1 in Stealth
   525 | D:2      | Reached XP level 3. HP: 29/29 MP: 3/3
   646 | D:2      | Reached XP level 4. HP: 36/36 MP: 4/4
   962 | D:2      | Found a faded altar of an unknown god.
  1134 | D:3      | Reached skill level 5 in Ranged Weapons
  1203 | D:3      | Slain by an iguana

Illustrated notes

Levels and vault maps discovered:
D:1:      dreamdust_arrival_sigmund_warning, layout_basic,
          minmay_close_crescents
D:2:      layout_rooms, dilly_ecumenical_altar_fadedgnrine, grunt_decor_fettered
D:3:      layout_rooms, wander_ebering_terrifying_dragon_lair, uniq_sigmund,
          uniq_terence

Skill      XL: |  1  2  3  4 |
---------------+-------------+-----
Ranged Weapons | 4 5 |  5.0
Stealth        | 1 2 |  2.7
Fighting       | |  2.1
Dodging        | |  1.7

Action                   |  1- 3 |  4- 6 || total
-------------------------+-------+-------++-------
 Fire: Shortbow          |    90 |    65 ||   155
  Use: Potion            |       |     1 ||     1
Armor: Skin              |    34 |     5 ||    39
Dodge: Dodged            |    58 |    12 ||    70

Table legend: (Time is in decaauts)
 A = Elapsed time spent in this place.
 B = Non-inter-level travel time spent in this place.
 C = Inter-level travel time spent in this place.
 D = Time resting spent in this place.
 E = Time spent auto-exploring this place.
 F = Levels seen in this place.
 G = Mean time per level.
                   A        B        C        D        E       F      G
               +--------+--------+--------+--------+--------+-----+--------+
         Total |   1245 |   1165 |     80 |     87 |    763 |   3 |  415.0 |
       Dungeon |   1245 |   1165 |     80 |     87 |    763 |   3 |  415.0 |
               +--------+--------+--------+--------+--------+-----+--------+

Top non-repeatable levels by time:
     D:2: 602 daAuts
     D:1: 520 daAuts
     D:3: 121 daAuts
